 Dungeon Crawl Stone Soup version 0.31.0-11-ge490571c62 (webtiles) character file.

Game seed: 8259579249858031135

147193 toastdancer the Thaumaturge (level 17, -1/133 HPs)
             Began as a Gnoll Hedge Wizard on Jan 30, 2024.
             Was the Champion of Zin.
             Hit by a javelin thrown by a merfolk javelineer (8 damage)
             ... on level 4 of the Shoals on Feb 7, 2024.
             The game lasted 04:20:50 (39363 turns).

toastdancer the Thaumaturge (Gnoll Hedge Wizard)   Turns: 39363, Time: 04:20:50

Health: -1/133     AC: 18    Str: 10    XL:     17   Next: 46%
Magic:  34/34      EV: 14    Int: 20    God:    Zin [******]
Gold:   2134       SH: 12    Dex: 13    Spells: 3/43 levels left

rFire   + . .        a - +1 eveningstar (venom)
rCold   . . .        O - +0 kite shield {reflect}
rNeg    . . .        I - +1 ring mail {Will+}
rPois   .            U - +2 helmet
rElec   .            E - +2 cloak {Will+}
rCorr   .            m - +0 pair of gloves
SInv    .            q - +0 pair of boots
Will    ++++.        p - amulet of regeneration
Stlth   +++++        i - ring of flight
HPRegen 1.22/turn    t - ring "Osyl" {rF+ Will+ Stlth+}
MPRegen 0.24/turn

%: reflection
@: flying
A: fangs 1, strong nose, distributed training
a: Renounce Religion, Recite, Vitalisation, Imprison, Sanctuary, Donate Gold


You were on level 4 of the Shoals.
You worshipped Zin.
Zin was exalted by your worship.
You visited 6 branches of the dungeon, and saw 29 of its levels.
You also visited: Gauntlet.

You collected 3908 gold pieces.
You spent 1540 gold pieces at shops.
You donated 234 gold pieces to Zin.

Inventory:

Hand Weapons
 a - a +1 eveningstar of venom (weapon)
 b - the +10 arbalest of Subjectivity {penet, rF++}
   (You found it on level 7 of the Dungeon)

   rF++:      It greatly protects you from fire.
Missiles
 h - 12 curare-tipped darts
 T - 4 throwing nets
Armour
 m - a +0 pair of gloves (worn)
 q - a +0 pair of boots (worn)
 y - the +5 ring mail "Suvaih" {rF+++}
   (You found it on level 5 of the Dungeon)

   rF+++:     It renders you almost immune to fire.
 D - a +1 ring mail of poison resistance
 E - a +2 cloak of willpower (worn)
 G - a +3 ring mail of cold resistance
 I - a +1 ring mail of willpower (worn)
 O - a +0 kite shield of reflection (worn)
 U - a +2 helmet (worn)
Jewellery
 g - an amulet of magic regeneration
 i - a ring of flight (left hand)
 l - a ring of wizardry
 p - an amulet of regeneration (around neck)
 t - the ring "Osyl" (right hand) {rF+ Will+ Stlth+}
   (You found it in a Gauntlet)

   [ring of willpower]

   rF+:       It protects you from fire.
   Will+:     It increases your willpower.
   Stlth+:    It makes you more stealthy.
 w - a ring of see invisible
 z - a ring of protection from cold
 B - a ring of poison resistance
 N - a ring of resist corrosion
 P - a ring of protection from fire
 R - a ring of willpower
 S - the ring "Ypodujit" {Ice rElec Str+3}
   (You bought it in a shop on level 1 of the Orcish Mines)

   [ring of ice]

   Ice:       It enhances your ice magic.
   Str+3:     It affects your strength (+3).
   rF-:       It makes you vulnerable to fire.
   rC+:       It protects you from cold.
   rElec:     It insulates you from electricity.
Wands
 u - a wand of light (10)
 x - a wand of roots (9)
 C - a wand of paralysis (26)
 M - a wand of digging (22)
Scrolls
 c - a scroll of enchant weapon
 j - 6 scrolls of teleportation
 k - a scroll of enchant armour
 n - a scroll of summoning
 o - 3 scrolls of vulnerability
 r - 3 scrolls of brand weapon
 A - 4 scrolls of poison
 H - 2 scrolls of revelation
 J - a scroll of fog
 L - 2 scrolls of immolation
 Q - 3 scrolls of fear
 W - 2 scrolls of blinking
 X - 4 scrolls of amnesia
Potions
 d - 2 potions of magic
 e - a potion of cancellation
 f - 3 potions of resistance
 s - 2 potions of mutation
 v - a potion of brilliance
 F - 4 potions of enlightenment
 K - 8 potions of curing
 V - a potion of ambrosia
 Y - 2 potions of heal wounds
 Z - 2 potions of might


   Skills:
 + Level 12.1 Fighting
 + Level 12.1 Short Blades
 + Level 12.1 Long Blades
 + Level 12.1 Axes
 + Level 12.1 Maces & Flails
 + Level 12.1 Polearms
 + Level 12.1 Staves
 + Level 12.1 Ranged Weapons
 + Level 12.1 Throwing
 + Level 12.1 Armour
 + Level 12.9 Dodging
 + Level 12.7 Stealth
 + Level 12.1 Shields
 + Level 12.1 Unarmed Combat
 + Level 13.9 Spellcasting
 + Level 10.4 Conjurations
 + Level 10.2 Hexes
 + Level 10.4 Summonings
 + Level 10.2 Necromancy
 + Level 10.4 Translocations
 + Level 10.2 Fire Magic
 + Level 10.2 Ice Magic
 + Level 10.2 Air Magic
 + Level 10.2 Earth Magic
 + Level 10.2 Alchemy
 + Level 13.1 Invocations
 + Level 12.1 Evocations
 + Level 11.1 Shapeshifting


You had 3 spell levels left.
You knew the following spells:

 Your Spells              Type           Power      Damage    Failure   Level
a - Magic Dart            Conj           100%       1d8       1%          1
b - Tukima's Dance        Hex            53%        N/A       1%          3
c - Mephitic Cloud        Conj/Alch/Air  53%        N/A       1%          3
d - Stone Arrow           Conj/Erth      100%       3d13      1%          3
e - Lee's Rapid Deconstr  Erth           26%        3d14*     10%         5
f - Cause Fear            Hex            26%        N/A       3%          4
g - Blink                 Tloc           100%       N/A       1%          2
h - Iskenderun's Mystic   Conj/Tloc      54%        2d12      3%          4
i - Dimensional Bullseye  Hex/Tloc       26%        N/A       3%          4
j - Brom's Barrelling Bo  Conj/Erth      53%        2d7       3%          4
k - Manifold Assault      Tloc           54%        N/A       3%          4
l - Volatile Blastmotes   Fire/Tloc      100%       2d18      1%          3

Your spell library contained the following spells:

 Spells                   Type           Power      Damage    Failure   Level
 Sandblast                Erth           100%       2d20      1%          1
 Slow                     Hex            100%       N/A       1%          1
 Call Imp                 Summ           100%       N/A       1%          2
 Cigotuvi's Dreadful Rot  Necr/Alch/Air  100%       N/A       1%          2
 Jinxbite                 Hex            100%       N/A       1%          2
 Searing Ray              Conj           100%       2d8       1%          2
 Fugue of the Fallen      Necr           53%        N/A       1%          3
 Ozocubu's Armour         Ice            53%        N/A       1%          3
 Passwall                 Erth           53%        N/A       1%          3
 Anguish                  Hex/Necr       26%        N/A       3%          4
 Animate Armour           Summ/Erth      100%       N/A       3%          4
 Fulminant Prism          Conj/Alch      26%        3d13      3%          4
 Passage of Golubria      Tloc           54%        N/A       3%          4
 Summon Lightning Spire   Summ/Air       53%        N/A       3%          4
 Metabolic Englaciation   Hex/Ice        26%        N/A       10%         5
 Yara's Violent Unravell  Hex/Alch       26%        3d11      10%         5
 Sculpt Simulacrum        Ice/Alch       26%        N/A       50%         6
 Enfeeble                 Hex            26%        N/A       97%         7
 Lehudib's Crystal Spear  Conj/Erth      26%        10d7      100%        8


Dungeon Overview and Level Annotations

Branches:
Dungeon (15/15)            Temple (1/1) D:4            Lair (5/5) D:10
 Shoals (4/4) Lair:2       Spider (2/4) Lair:2        Slime (0/5) Lair:4
    Orc (2/2) D:12            Elf (0/3) Orc:2        Vaults (0/5) D:14
 Depths (0/4) D:15        Gauntlet (visited)

Altars:
Ashenzari
Cheibriados
Dithmenos
Elyvilon
Fedhas
Gozag
Hepliaklqana
Kikubaaqudgha
Makhleb
Nemelex Xobeh
Okawaru
Qazlal
Ru
Sif Muna
Trog
Uskayaw
Vehumet
Wu Jian
Xom
Yredelemnul
Zin
The Shining One
Jiyva

Shops:
Orc:1 =   Orc:2 ([?(=

Annotations:
D:11 3 runed translucent doors, TheRegalBeagle's ghost, journeyman DrFi
D:13 3 runed translucent doors, OceanMan's ghost, journeyman MiFi
Shoals:3 Mlioglotl
Shoals:4 exclusion: upstairs
Orc:1 1 runed translucent door, SuperJoe's ghost, journeyman MiFi


Innate Abilities, Weirdness & Mutations

You have very sharp teeth.
Your uncanny sense of smell can sniff out nearby items.
Your experience applies equally to all skills.


Message History

You fly upwards.
Level annotation: Mlioglotl
There is a stone staircase leading down here.
You start resting.
HP restored.
You start resting.
Magic restored.
You fly downwards.
Level annotation: exclusion: upstairs The merfolk aquamancer points at you and mumbles some strange words.
The shard of ice hits you!!
The merfolk javelineer throws a silver javelin.
The silver javelin pierces through you!!
You block the merfolk's attack.
The merfolk javelineer throws a javelin.
The javelin closely misses you.
A merfolk comes into view. It is wielding a +0 trident.
A merfolk opens the door.
The merfolk javelineer throws a javelin.
The javelin pierces through you!
A water elemental comes into view.
A merfolk comes into view. It is wielding a +0 trident.
There is a stone staircase leading up, spattered with blood here.
You see here the +2 plate armour "Ryur" {Regen+ SInv}.
The merfolk shouts!
You block the merfolk's attack.
The merfolk aquamancer gestures at you while chanting.
The torrent of water hits you!!!
* * * LOW HITPOINT WARNING * * *
You are knocked back by the torrent of water.
You collide with the merfolk aquamancer!
The merfolk aquamancer is lightly wounded.
* * * LOW HITPOINT WARNING * * *
The wave splashes down.
The merfolk javelineer throws a silver javelin.
The silver javelin pierces through you.
* * * LOW HITPOINT WARNING * * *
x2 The merfolk javelineer throws a javelin.
The javelin pierces through you!
You die...

~.^~........~~
#[..........≈~
E#..........~~~ ∆
m'...........~..
#..............
##..............
..#####<....[.......#
.....~~.....~m~..m.# .~~
...§~≈≈.m...~@)(mk.# .~~~
.#..~≈≈.....~~~..~.mm ∆ ..~~
....~~~.......m.)~~#. ..~~
.....#.......(.~~~~## #.~#
..P.#.....)..m.~~~m.#####~~#
P..#..............$......~~#
PP..............<..m.....†~+
∆
PPP.......P...........(...#
!.....P.....###.......#


You could see a merfolk impaler, 3 merfolk javelineers, 3 merfolk aquamancers, a
wind drake (repels missiles), 3 merfolk, a water elemental (wandering) and a
merfolk siren.

Vanquished Creatures
  Nikola (Shoals:2)
  Rupert (Spider:1)
  Polyphemus (Shoals:3)
  Gastronok (Lair:1)
  Roxanne (Shoals:1)
  A fire giant (D:11)
  Donald (Lair:2)
  An emperor scorpion (Spider:1)
  A stone giant (D:15)
  A broodmother (Spider:1)
  Azrael (D:15)
  An ettin (Orc:2)
  5 entropy weavers
  3 merfolk impalers
  A merfolk javelineer (Shoals:3)
  A jorogumo (Spider:1)
  8 hydras
  Erica (Lair:1)
  A radroach (Spider:1)
  A merfolk avatar (Shoals:2)
  7 centaur warriors
  2 boulder beetles (D:11)
  6 catoblepae
  8 two-headed ogres
  A merfolk aquamancer (Shoals:1)
  An alligator snapping turtle (Shoals:2)
  3 tengu warriors
  A death knight (D:11)
  9 death yaks
  4 orc high priests
  Urug (Lair:4)
  4 demonic crawlers
  A hell knight (D:15)
  4 skysharks
  Amaemon (D:8)
  A pharaoh ant (Spider:1)
  A skeletal warrior (D:11)
  7 sea snakes
  2 flayed ghosts (D:11)
  A sun moth (Lair:2)
  A deep elf pyromancer (D:14)
  3 steelbarb worms
  A lindwurm (shapeshifter) (D:11)
  11 harpies
  5 orc sorcerers
  6 orc knights
  2 necromancers (D:15)
  7 cyclopes
  2 kobold blastminers (Orc:2)
  10 ugly things
  7 wolf spiders
  8 manticores
  4 black mambas
  4 meliai
  5 merfolk sirens
  13 cane toads
  2 water nymphs
  Maggie (Lair:2)
  A gargoyle (D:12)
  An orange demon (D:8)
  2 torpor snails
  3 kobold demonologists (D:12)
  3 komodo dragons
  2 rime drakes
  3 efreet
  A yaktaur (D:11)
  2 tengu conjurers
  15 merfolk
  A queen bee (shapeshifter) (D:15)
  5 trolls
  2 polar bears (Lair:4)
  7 tarantellas
  2 wind drakes (Shoals:1)
  A raiju (shapeshifter) (D:13)
  14 blink frogs
  18 dream sheep
  6 slime creatures
  A centaur simulacrum (D:14)
  3 snapping turtles
  10 jumping spiders
  3 wraiths
  8 culicivoras
  4 water elementals
  A vampire (D:11)
  7 fire elementals (D:15)
  2 dancing weapons
  4 wyverns
  3 steam dragons
  56 yaks
  20 redbacks
  6 basilisks
  13 vampire mosquitoes
  A hell hound (D:15)
  10 water moccasins
  5 acid dragons
  15 orc warriors
  A sky beast (D:6)
  2 ice beasts
  3 black bears
  3 ogres
  12 centaurs
  15 wolves
  2 phantoms
  5 kobold brigands
  A brain worm (shapeshifter) (D:13)
  15 bullfrogs
  2 gnoll sergeants
  A scorpion (D:5)
  5 wights
  11 killer bees
  4 electric eels (D:13)
  6 howler monkeys
  3 vampire bats (Lair:1)
  A crimson imp (D:5)
  2 bombardier beetles
  A hound (D:7)
  2 jellies (D:6)
  12 orc priests
  A gnoll bouda (D:5)
  2 iguanas
  28 orc wizards
  Ijyb (D:4)
  14 gnolls
  7 adders
  2 white imps
  2 ufetubi (D:6)
  4 ribbon worms
  5 dart slugs
  73 orcs
  5 ball pythons
  5 endoplasms
  3 giant cockroaches
  8 goblins
  6 hobgoblins
  6 quokkas
  10 bats
  2 frilled lizards
  18 kobolds
  5 rats
  4 boulders
771 creatures vanquished.

Vanquished Creatures (collateral kills)
  An entropy weaver (Gauntlet)
  A two-headed ogre (D:11)
  A centaur warrior (D:15)
  A deep elf pyromancer (D:15)
  3 merfolk
  A wyvern (D:9)
  4 orc warriors
  4 ogres
  A centaur (D:8)
  A wolf (Lair:4)
  A gnoll (D:6)
  4 orcs
  29 boulders
52 creatures vanquished.

Vanquished Creatures (others)
  A water elemental (Shoals:1)
  13 dancing weapons
  A killer bee (D:10)
  20 boulders
35 creatures vanquished.

Grand Total: 858 creatures vanquished

Notes
Turn   | Place    | Note
-------+----------+-------------------------------------------
     0 | D:1      | toastdancer the Gnoll Hedge Wizard began the quest for the
                  | Orb.
     0 | D:1      | Reached XP level 1. HP: 13/13 MP: 8/8
   295 | D:1      | Reached XP level 2. HP: 19/19 MP: 5/10
   668 | D:1      | Reached XP level 3. HP: 25/25 MP: 9/11
   671 | D:1      | Learned a level 2 spell: Blink
   675 | D:1      | Learned a level 3 spell: Mephitic Cloud
   955 | D:2      | Reached skill level 1 in Invocations
  1144 | D:2      | Reached skill level 1 in Fighting
  1144 | D:2      | Reached skill level 1 in Short Blades
  1144 | D:2      | Reached skill level 1 in Long Blades
  1144 | D:2      | Reached skill level 1 in Axes
  1144 | D:2      | Reached skill level 1 in Maces & Flails
  1144 | D:2      | Reached skill level 1 in Polearms
  1144 | D:2      | Reached skill level 1 in Staves
  1144 | D:2      | Reached skill level 1 in Ranged Weapons
  1144 | D:2      | Reached skill level 1 in Throwing
  1144 | D:2      | Reached skill level 1 in Armour
  1144 | D:2      | Reached skill level 1 in Shields
  1144 | D:2      | Reached skill level 1 in Unarmed Combat
  1144 | D:2      | Reached skill level 1 in Evocations
  1156 | D:2      | Learned a level 3 spell: Tukima's Dance
  1228 | D:2      | Learned a level 3 spell: Stone Arrow
  1472 | D:2      | Reached skill level 1 in Shapeshifting
  1472 | D:2      | Reached XP level 4. HP: 32/32 MP: 9/13
  2056 | D:3      | Found a faded altar of an unknown god.
  2231 | D:3      | Reached skill level 1 in Hexes
  2231 | D:3      | Reached skill level 1 in Necromancy
  2231 | D:3      | Reached skill level 1 in Fire Magic
  2231 | D:3      | Reached skill level 1 in Ice Magic
  2231 | D:3      | Reached skill level 1 in Air Magic
  2231 | D:3      | Reached skill level 1 in Earth Magic
  2231 | D:3      | Reached skill level 1 in Alchemy
  2354 | D:3      | Identified the +4 spear "Jopnotie" {antimagic, +Blink}
  3408 | D:4      | Reached XP level 5. HP: 37/37 MP: 7/14
  3508 | D:4      | Found a staircase to the Ecumenical Temple.
  3515 | Temple   | Entered the Ecumenical Temple
  3523 | Temple   | Became a worshipper of Zin the Law-Giver
  3523 | Temple   | Reached * piety under Zin
  3591 | D:4      | Noticed Ijyb
  3613 | D:4      | Killed Ijyb
  4068 | D:4      | Reached ** piety under Zin
  4251 | D:5      | Entered Level 5 of the Dungeon
  4284 | D:5      | Noticed a phantom
  4322 | D:5      | Reached XP level 6. HP: 37/44 MP: 1/16
  4545 | D:5      | Reached skill level 5 in Dodging
  4829 | D:5      | Reached XP level 7. HP: 43/51 MP: 7/18
  5297 | D:5      | Reached skill level 5 in Stealth
  5500 | D:5      | Learned a level 4 spell: Iskenderun's Mystic Blast
  6061 | D:5      | Identified the +5 ring mail "Suvaih" {rF+++}
  6226 | D:6      | Reached XP level 8. HP: 58/58 MP: 9/19
  6304 | D:6      | Reached *** piety under Zin
  6919 | D:6      | Reached **** piety under Zin
  6951 | D:6      | Found an iron altar of Okawaru.
  7298 | D:7      | Noticed a slime creature
  7385 | D:7      | Identified the +10 arbalest of Subjectivity {penet, rF++}
  7393 | D:7      | Learned a level 4 spell: Dimensional Bullseye
  7608 | D:7      | Noticed a slime creature
  7624 | D:7      | Noticed a slime creature
  7879 | D:6      | Reached XP level 9. HP: 65/65 MP: 14/21
  7880 | D:6      | Reached ***** piety under Zin
  8304 | D:7      | Reached skill level 5 in Invocations
  8483 | D:7      | Found a bloodstained altar of Trog.
  8514 | D:7      | Found a white marble altar of Elyvilon.
  8735 | D:8      | Found a sacrificial altar of Ru.
  8929 | D:8      | Noticed an orange demon
  8947 | D:8      | Noticed a two-headed ogre
  8947 | D:8      | Noticed a two-headed ogre
  9035 | D:8      | Killed an orange demon
  9074 | D:8      | Reached skill level 5 in Fighting
  9074 | D:8      | Reached skill level 5 in Short Blades
  9074 | D:8      | Reached skill level 5 in Long Blades
  9074 | D:8      | Reached skill level 5 in Axes
  9074 | D:8      | Reached skill level 5 in Maces & Flails
  9074 | D:8      | Reached skill level 5 in Polearms
  9074 | D:8      | Reached skill level 5 in Staves
  9074 | D:8      | Reached skill level 5 in Ranged Weapons
  9074 | D:8      | Reached skill level 5 in Throwing
  9074 | D:8      | Reached skill level 5 in Armour
  9074 | D:8      | Reached skill level 5 in Shields
  9074 | D:8      | Reached skill level 5 in Unarmed Combat
  9074 | D:8      | Reached skill level 5 in Evocations
  9089 | D:8      | Reached XP level 10. HP: 74/74 MP: 16/22
  9185 | D:8      | Found an opulent altar of Gozag.
  9207 | D:8      | Noticed Amaemon
  9219 | D:8      | Killed Amaemon
  9220 | D:8      | Reached skill level 5 in Conjurations
  9220 | D:8      | Reached skill level 5 in Summonings
  9220 | D:8      | Reached skill level 5 in Translocations
  9449 | D:8      | Killed a two-headed ogre
  9450 | D:8      | Reached skill level 5 in Shapeshifting
  9451 | D:8      | Killed a two-headed ogre
  9676 | D:8      | Reached skill level 5 in Hexes
  9676 | D:8      | Reached skill level 5 in Necromancy
  9676 | D:8      | Reached skill level 5 in Fire Magic
  9676 | D:8      | Reached skill level 5 in Ice Magic
  9676 | D:8      | Reached skill level 5 in Air Magic
  9676 | D:8      | Reached skill level 5 in Earth Magic
  9676 | D:8      | Reached skill level 5 in Alchemy
  9919 | D:9      | Reached XP level 11. HP: 81/81 MP: 24/24
 10185 | D:9      | Found an ornate altar of the Wu Jian Council.
 10372 | D:9      | Noticed a centaur warrior
 10386 | D:9      | Killed a centaur warrior
 10654 | D:10     | Entered Level 10 of the Dungeon
 10771 | D:10     | Noticed a two-headed ogre
 10781 | D:10     | Killed a two-headed ogre
 10852 | D:10     | Learned a level 4 spell: Brom's Barrelling Boulder
 11081 | D:10     | Noticed a two-headed ogre
 11088 | D:10     | Killed a two-headed ogre
 11384 | D:10     | Found a staircase to the Lair.
 11618 | Lair:1   | Entered Level 1 of the Lair of Beasts
 11622 | Lair:1   | Noticed Gastronok
 11763 | Lair:1   | Noticed Erica
 11846 | Lair:1   | Killed Erica
 11847 | Lair:1   | Reached skill level 10 in Spellcasting
 12050 | Lair:1   | Reached XP level 12. HP: 91/91 MP: 2/26
 12178 | Lair:1   | Noticed a seven-headed hydra
 12195 | Lair:1   | Killed a seven-headed hydra
 12269 | Lair:1   | Found a sparkling altar of Nemelex Xobeh.
 12289 | Lair:1   | Learned a level 5 spell: Lee's Rapid Deconstruction
 12524 | Lair:1   | Killed Gastronok
 13144 | Lair:2   | Found a hole to the Spider Nest.
 13157 | Lair:2   | Reached ****** piety under Zin
 13215 | Lair:2   | Noticed Maggie
 13385 | Lair:2   | Killed Maggie
 13662 | Lair:2   | Noticed a catoblepas
 13688 | Lair:2   | Killed a catoblepas
 13845 | Lair:2   | Noticed a skyshark
 13858 | Lair:2   | Killed a skyshark
 13859 | Lair:2   | Reached XP level 13. HP: 83/98 MP: 27/27
 14126 | Lair:2   | Found a staircase to the Shoals.
 14765 | Lair:3   | You fall into a shaft and drop 2 floors!
 14765 | Lair:5   | Entered Level 5 of the Lair of Beasts
 15346 | Lair:4   | Reached skill level 10 in Dodging
 15577 | Lair:4   | Found a viscous altar of Jiyva.
 15578 | Lair:4   | Found a staircase to the Slime Pits.
 15930 | Lair:4   | Noticed Urug
 15955 | Lair:4   | Killed Urug
 16389 | Lair:5   | Reached skill level 10 in Stealth
 16591 | Lair:5   | Reached XP level 14. HP: 108/108 MP: 13/29
 16687 | Lair:5   | Reached skill level 10 in Invocations
 17883 | Lair:5   | Identified the +10 falchion of the Squeaky God {drain,
                  | rElec rC- Dex+3}
 18158 | D:11     | Identified the +8 orcbow of Day {antimagic, Dex+4}
 18162 | D:11     | Found a burning altar of Makhleb.
 18335 | D:11     | Found a runed translucent gate.
 18335 | D:11     | Found a runed translucent gate.
 18335 | D:11     | Found a runed translucent gate.
 18337 | D:11     | Noticed TheRegalBeagle's ghost (journeyman DrFi)
 19404 | D:11     | Noticed a fire giant
 19599 | D:11     | Killed a fire giant
 19952 | D:11     | Reached skill level 10 in Fighting
 19952 | D:11     | Reached skill level 10 in Short Blades
 19952 | D:11     | Reached skill level 10 in Long Blades
 19952 | D:11     | Reached skill level 10 in Axes
 19952 | D:11     | Reached skill level 10 in Maces & Flails
 19952 | D:11     | Reached skill level 10 in Polearms
 19952 | D:11     | Reached skill level 10 in Staves
 19952 | D:11     | Reached skill level 10 in Ranged Weapons
 19952 | D:11     | Reached skill level 10 in Throwing
 19952 | D:11     | Reached skill level 10 in Armour
 19952 | D:11     | Reached skill level 10 in Shields
 19952 | D:11     | Reached skill level 10 in Unarmed Combat
 19952 | D:11     | Reached skill level 10 in Evocations
 20182 | D:11     | Identified the +2 plate armour "Ryur" {Regen+ SInv}
 20262 | D:11     | Reached XP level 15. HP: 115/115 MP: 24/31
 20783 | D:12     | Found a gate leading to a gauntlet.
 20792 | Gauntlet | Entered a Gauntlet
 20792 | Gauntlet | Found a transporter.
 20801 | Gauntlet | Found a runed translucent gate.
 20802 | Gauntlet | Found a transporter.
 20803 | Gauntlet | Found a runed translucent gate.
 20804 | Gauntlet | Found a transporter.
 20805 | Gauntlet | Found a transporter.
 20808 | Gauntlet | Found a transporter.
 20809 | Gauntlet | Found a transporter.
 20821 | Gauntlet | Found a transporter.
 20838 | Gauntlet | Found a transporter.
 20843 | Gauntlet | Found a transporter.
 20847 | Gauntlet | Found a transporter.
 20852 | Gauntlet | Found a runed translucent door.
 20852 | Gauntlet | Found a runed translucent door.
 20856 | Gauntlet | Found a transporter.
 20884 | Gauntlet | Found a runed translucent gate.
 20911 | Gauntlet | Found a transporter.
 21017 | Gauntlet | Identified the ring "Osyl" {rF+ Will+ Stlth+}
 21161 | Gauntlet | Identified the ring of Moral Flaws {Fly rPois}
 21689 | D:12     | Found a staircase to the Orcish Mines.
 22056 | Orc:1    | Entered Level 1 of the Orcish Mines
 22339 | Orc:1    | Found Hycee's Jewellery Shoppe.
 22347 | Orc:1    | Bought a ring of resist corrosion for 280 gold pieces
 22684 | Orc:1    | Found a runed translucent door.
 22684 | Orc:1    | Noticed SuperJoe's ghost (journeyman MiFi)
 22835 | Orc:2    | Entered Level 2 of the Orcish Mines
 23388 | Orc:2    | Found a staircase to the Elven Halls.
 23606 | Orc:2    | Found a burning altar of Makhleb.
 23670 | Orc:2    | Found Catreol's Weapon Shop.
 24396 | Orc:2    | Found Peixoini's Armour Emporium.
 24632 | Orc:2    | Found Irytailoics's Magic Scroll Shop.
 24641 | Orc:2    | Bought a scroll of identify for 26 gold pieces
 24641 | Orc:2    | Bought a scroll of identify for 26 gold pieces
 24641 | Orc:2    | Bought a scroll of identify for 26 gold pieces
 24641 | Orc:2    | Bought a scroll of identify for 26 gold pieces
 24649 | Orc:2    | Bought a scroll of identify for 26 gold pieces
 24649 | Orc:2    | Bought a scroll of identify for 26 gold pieces
 24649 | Orc:2    | Bought a scroll of blinking for 97 gold pieces
 24649 | Orc:2    | Bought a scroll of enchant armour for 97 gold pieces
 24649 | Orc:2    | Bought a scroll of fear for 52 gold pieces
 24650 | Orc:2    | Identified a scroll of acquirement
 24651 | Orc:2    | Acquired 1013 gold pieces
 24652 | Orc:2    | Found Guomargho's Weapon Shop.
 24659 | Orc:2    | Found Ubuuv's Jewellery Emporium.
 24838 | D:13     | Found a runed translucent gate.
 24839 | D:13     | Found a runed translucent gate.
 24840 | D:13     | Found a runed translucent gate.
 24841 | D:13     | Identified the +1 robe "Roaq Gee" {rElec Str+2 Int+3 SInv}
 24841 | D:13     | Noticed OceanMan's ghost (journeyman MiFi)
 24843 | D:13     | Found an iron altar of Okawaru.
 25603 | D:13     | Found a glowing golden altar of the Shining One.
 26717 | D:14     | Found a gate to the Vaults.
 27222 | D:15     | Entered Level 15 of the Dungeon
 27241 | D:15     | Reached skill level 10 in Shapeshifting
 27564 | D:15     | Reached XP level 16. HP: 124/124 MP: 25/32
 27803 | D:15     | Noticed Azrael
 27827 | D:15     | Killed Azrael
 28266 | D:15     | Found a white marble altar of Elyvilon.
 28315 | D:15     | Found a staircase to the Depths.
 28654 | Spider:1 | Entered Level 1 of the Spider Nest
 29142 | Spider:1 | Noticed Donald
 29183 | Lair:2   | Killed Donald
 30002 | Spider:1 | Learned a level 4 spell: Cause Fear
 30007 | Spider:1 | Learned a level 4 spell: Manifold Assault
 30180 | Spider:1 | Noticed Rupert
 30604 | Spider:1 | Killed Rupert
 31282 | Spider:2 | Identified the +7 hand axe "Jellybane" {protect, rC- Will+
                  | rCorr Int+2}
 31444 | Spider:1 | Reached skill level 10 in Conjurations
 31444 | Spider:1 | Reached skill level 10 in Summonings
 31444 | Spider:1 | Reached skill level 10 in Translocations
 31867 | Spider:1 | Learned a level 3 spell: Volatile Blastmotes
 32565 | Orc:2    | Bought a +1 ring mail of willpower for 224 gold pieces
 32710 | Shoals:1 | Entered Level 1 of the Shoals
 33817 | Shoals:1 | Noticed Roxanne
 33850 | Shoals:1 | Killed Roxanne
 33851 | Shoals:1 | Reached XP level 17. HP: 133/133 MP: 0/34
 34836 | Shoals:2 | Reached skill level 10 in Hexes
 34836 | Shoals:2 | Reached skill level 10 in Necromancy
 34836 | Shoals:2 | Reached skill level 10 in Fire Magic
 34836 | Shoals:2 | Reached skill level 10 in Ice Magic
 34836 | Shoals:2 | Reached skill level 10 in Air Magic
 34836 | Shoals:2 | Reached skill level 10 in Earth Magic
 34836 | Shoals:2 | Reached skill level 10 in Alchemy
 36150 | Shoals:3 | Noticed Polyphemus
 36654 | Shoals:3 | Noticed Nikola
 37331 | Orc:1    | Bought the ring "Ypodujit" {Ice rElec Str+3} for 634 gold
                  | pieces
 37894 | Shoals:2 | Killed Nikola
 38816 | Shoals:3 | Killed Polyphemus
 38933 | Shoals:4 | Entered Level 4 of the Shoals
 39021 | Shoals:4 | Noticed Mlioglotl
 39102 | Shoals:3 | Noticed a tentacled starspawn
 39363 | Shoals:4 | Hit by a javelin thrown by a merfolk javelineer

Illustrated notes

Levels and vault maps discovered:
D:1:      dpeg_arrival_court, layout_loops_cross, minmay_pentomino_r4
D:2:      layout_basic, minivault_23, nrook_mini_backslash
D:3:      layout_basic, hellmonk_ecumenical_altar_run_dry
D:4:      layout_basic, minmay_temple_entry_mist, uniq_ijyb
D:5:      layout_gridville, minmay_fire_ice_demons
D:6:      layout_basic, okawaru_gym_becter, minivault_27
D:7:      layout_rooms, mainiacjoe_overflow_two_lobes
D:8:      layout_basic, lemuel_tele_altar, nicolae_ru_great_annihilating_truth,
          minmay_fractal_squares_5, uniq_amaemon
D:9:      layout_loops_ring, nicolae_wu_jian_wuxing_cycle
D:10:     layout_layer_cave, lair_entry_dummy
D:11:     nzn_winding_woodlands_large [nzn_winding_woodlands_5x5_three,
          nzn_winding_woodlands_5x15_jagged,
          nzn_winding_woodlands_5x5_closed_star,
          nzn_winding_woodlands_center_lodge,
          nzn_winding_woodlands_15x15_thick_spiral,
          nzn_winding_woodlands_center_pierced_h,
          nzn_winding_woodlands_5x5_perimeter, nzn_winding_woodlands_5x15_cabin,
          nzn_winding_woodlands_5x5_default], layout_irregular_city,
          gammafunk_ghost_hydra_chop, bloody_makhleb
D:12:     layout_cave_pools, david_orc_5, gauntlet_entry_generic
D:13:     layout_loops_ring, serial_bayou, serial_bayou_pond_d,
          serial_bayou_pond_c, serial_bayou_pond_d, serial_bayou_lagoon_b,
          gammafunk_ghost_fury_of_okawaru, tso_oasis_becter
D:14:     layout_basic, hellmonk_vaults_attempted_burglary, serial_aquarium,
          aquarium_bridge_island_small [aquarium_subvault_small_open,
          aquarium_subvault_window, aquarium_subvault_bridge,
          aquarium_subvault_bridge, aquarium_subvault_wall],
          aquarium_window_fake, aquarium_window_fake, aquarium_view_2e,
          aquarium_balcony_1b, minmay_holes, hangedman_decor_peaks_small
D:15:     hangedman_depths_entry_civil_slaughter, layout_irregular_city,
          nicolae_elyvilon_temple_path, uniq_azrael
Temple:   compressed_dpeg_triangle_lava_temple
Lair:1:   layout_cave_pods, basic_altar, roderic_batcave, grunt_megastairs_1,
          serial_bayou_shore_a, infiniplex_staircase_pool_2,
          lemuel_fruit_fields, uniq_erica, uniq_gastronok
Lair:2:   layout_hall_layers, elwin_shoals_entry_stream,
          spider_nest_entry_web_field, hangedman_lair_generics_rect, uniq_maggie
Lair:3:   layout_long_grid, beast_lair_carwin_3
Lair:4:   layout_regular_city, slime_entry_1, uniq_urug
Lair:5:   evilmike_catoblepas_cave, layout_regular_city, grunt_megastairs_5,
          lemuel_fruit_tree
Shoals:1: layout_shoals, uniq_roxanne
Shoals:2: layout_shoals
Shoals:3: layout_shoals, uniq_nikola, uniq_polyphemus
Shoals:4: shoals_end_simple, layout_shoals, ebering_ghost_gozag, uniq_mlioglotl,
          uniq_mara, uniq_bai_suzhen
Spider:1: layout_spider_delve, uniq_rupert, uniq_donald
Spider:2: layout_spider_delve
Orc:1:    layout_caves, serial_shops, shop, gammafunk_ghost_grave
Orc:2:    st_orc_elflike, layout_caves, serial_shops,
          nicolae_shop_bloodbath_and_beyond, regret_index_minedec_devilstone

Skill      XL: |  1  2  3  4  5  6  7  8  9 10 11 12 13 14 15 16 17 |
---------------+----------------------------------------------------+-----
Conjurations   | 2 3 4 5 6 7 8 9 10 | 10.4
Summonings     | 2 3 4 5 6 7 8 9 10 | 10.4
Translocations | 2 3 4 5 6 7 8 9 10 | 10.4
Invocations    | 1 2 3 4 5 6 7 8 9 10 11 12 13 | 13.1
Fighting       | 1 2 3 4 5 6 7 8 9 10 11 12 | 12.1
Short Blades   | 1 2 3 4 5 6 7 8 9 10 11 12 | 12.1
Long Blades    | 1 2 3 4 5 6 7 8 9 10 11 12 | 12.1
Axes           | 1 2 3 4 5 6 7 8 9 10 11 12 | 12.1
Maces & Flails | 1 2 3 4 5 6 7 8 9 10 11 12 | 12.1
Polearms       | 1 2 3 4 5 6 7 8 9 10 11 12 | 12.1
Staves         | 1 2 3 4 5 6 7 8 9 10 11 12 | 12.1
Ranged Weapons | 1 2 3 4 5 6 7 8 9 10 11 12 | 12.1
Throwing       | 1 2 3 4 5 6 7 8 9 10 11 12 | 12.1
Armour         | 1 2 3 4 5 6 7 8 9 10 11 12 | 12.1
Shields        | 1 2 3 4 5 6 7 8 9 10 11 12 | 12.1
Unarmed Combat | 1 2 3 4 5 6 7 8 9 10 11 12 | 12.1
Evocations     | 1 2 3 4 5 6 7 8 9 10 11 12 | 12.1
Shapeshifting  | 1 2 3 4 5 6 7 8 9 10 11 | 11.1
Hexes          | 1 2 3 4 5 6 7 8 9 10 | 10.2
Necromancy     | 1 2 3 4 5 6 7 8 9 10 | 10.2
Fire Magic     | 1 2 3 4 5 6 7 8 9 10 | 10.2
Ice Magic      | 1 2 3 4 5 6 7 8 9 10 | 10.2
Air Magic      | 1 2 3 4 5 6 7 8 9 10 | 10.2
Earth Magic    | 1 2 3 4 5 6 7 8 9 10 | 10.2
Alchemy        | 1 2 3 4 5 6 7 8 9 10 | 10.2
Dodging        | 5 6 7 8 9 10 11 12 | 12.9
Stealth        | 5 6 7 8 9 10 11 12 | 12.7
Spellcasting   | 8 9 10 11 12 13 | 13.9

Action                     |  1- 3 |  4- 6 |  7- 9 | 10-12 | 13-15 | 16-18 || total
---------------------------+-------+-------+-------+-------+-------+-------++-------
  Melee: Dagger            |     2 |    19 |     5 |     3 |       |       ||    29
         Bite              |       |     3 |     6 |     4 |    34 |    66 ||   113
         Flail             |       |       |    48 |       |       |       ||    48
         Punch             |       |       |     3 |       |    24 |    29 ||    56
         Long sword        |       |       |    19 |    31 |    17 |       ||    67
         Eveningstar       |       |       |       |       |   209 |   430 ||   639
         Scimitar          |       |       |       |       |     2 |       ||     2
         Arbalest          |       |       |       |       |       |     2 ||     2
   Fire: Arbalest          |       |       |    57 |   306 |   604 |   206 ||  1173
   Cast: Magic Dart        |   100 |    77 |    34 |     1 |       |     2 ||   214
         Stone Arrow       |       |    23 |    48 |    20 |    54 |   102 ||   247
         Tukima's Dance    |       |     6 |    24 |     9 |    66 |    27 ||   132
         Blink             |       |     3 |     5 |     7 |     9 |    27 ||    51
         Mephitic Cloud    |       |     3 |    18 |    46 |   103 |    61 ||   231
         Dimensional Bulls |       |       |     1 |     1 |     3 |     1 ||     6
         Iskenderun's Myst |       |       |       |     5 |    11 |    61 ||    77
         Brom's Barrelling |       |       |       |     7 |    31 |    34 ||    72
         Lee's Rapid Decon |       |       |       |     5 |    70 |    34 ||   109
         Volatile Blastmot |       |       |       |       |       |    12 ||    12
         Manifold Assault  |       |       |       |       |       |    38 ||    38
         Cause Fear        |       |       |       |       |       |     3 ||     3
 Invoke: Recite            |       |       |     5 |     1 |    16 |     1 ||    23
  Evoke: Wand              |       |     1 |       |     4 |     8 |    14 ||    27
    Use: Scroll            |       |       |     8 |     7 |    16 |     9 ||    40
         Potion            |       |       |       |       |     2 |     4 ||     6
   Stab: Sleeping          |       |     2 |       |       |       |     3 ||     5
         Confused          |       |     1 |     4 |     7 |    14 |    10 ||    36
         Paralysed         |       |       |       |       |     4 |       ||     4
         Invisible         |       |       |       |       |     1 |     5 ||     6
         Distracted        |       |       |       |       |       |     1 ||     1
 Armour: Robe              |     8 |    17 |    27 |       |       |       ||    52
         Leather armour    |       |       |    43 |   147 |   301 |       ||   491
         Ring mail         |       |       |       |       |   144 |   691 ||   835
  Dodge: Dodged            |    10 |    26 |    66 |   174 |   424 |   519 ||  1219
  Block: Kite shield       |       |       |       |       |       |    21 ||    21
         Reflection        |       |       |       |       |       |     4 ||     4
